 Seeded DCSS version 0.30.1-3-gfc49f6343a (webtiles) character file.

Game seed: 6351066067085065685 (custom seed)

14 Esekla the Grave Robber (level 2, -1/15 HPs)
             Began as a Deep Elf Necromancer on Aug 1, 2023.
             Was an Initiate of Vehumet.
             Slain by a ball python (3 damage)
             ... on level 1 of the Dungeon.
             The game lasted 00:09:21 (722 turns).

Esekla the Grave Robber (Deep Elf Necromancer)       Turns: 722, Time: 00:09:21

Health: -1/15      AC:  3    Str:  5    XL:     2   Next: 27%
Magic:  8/8        EV: 10    Int: 19    God:    Vehumet [......]
Gold:   58         SH:  0    Dex: 15    Spells: 6/7 levels left

rFire   . . .        i - +0 dagger
rCold   . . .        (no shield)
rNeg    . . .        a - +0 robe
rPois   .            (no helmet)
rElec   .            (no cloak)
rCorr   .            g - +0 pair of gloves
SInv    .            (no boots)
Will    .....        (no amulet)
Stlth   ++           (no ring)
HPRegen 0.22/turn    (no ring)
MPRegen 0.11/turn

%: no passive effects
@: constricted
A: no striking features
a: Renounce Religion


You were on level 1 of the Dungeon.
You worshipped Vehumet.
Vehumet was noncommittal.
You visited 1 branch of the dungeon, and saw 4 of its levels.

You collected 58 gold pieces.

Inventory:

Hand Weapons
 i - a +0 dagger (weapon)
Armour
 a - a +0 robe (worn)
 g - a +0 pair of gloves (worn)
Wands
 c - a wand of roots (9)
Scrolls
 e - a scroll of fear {unknown}
 j - a scroll of blinking {unknown}
Potions
 b - a potion of magic
 d - a potion of ambrosia {unknown}
 f - a potion of curing {unknown}
 h - a potion of attraction {unknown}


   Skills:
 * Level 2.8 Dodging
 + Level 2.5 Stealth
 * Level 3.2 Spellcasting
 + Level 5.2 Necromancy


You had 6 spell levels left.
You knew the following spells:

 Your Spells              Type           Power      Damage    Failure   Level
a - Necrotise             Necr           88%        1d8       1%          1

Your spell library contained the following spells:

 Spells                   Type           Power      Damage    Failure   Level
 Vampiric Draining        Necr           22%        2d7       5%          3
 Animate Dead             Necr           22%        N/A       17%         4
 Agony                    Necr           22%        N/A       43%         5


Dungeon Overview and Level Annotations

Branches:
Dungeon (4/15)
 Temple: D:4-7

Altars:
Okawaru
Vehumet
The Shining One

Shops:
D:2 =


Message History

The kobold throws a stone.
The stone hits you but does no damage.
A ball python comes into view.
The kobold hits you but does no damage.
You barely miss the kobold. The kobold barely misses you.
You closely miss the kobold. The kobold hits you but does no damage.
The ball python hisses angrily.
You hit the kobold but do no damage. The kobold barely misses you.
The kobold throws a stone.
The stone closely misses you.
The kobold throws a stone.
The stone hits you but does no damage.
The ball python attacks as you move away!
The ball python closely misses you. x2
You barely miss the ball python. The ball python barely misses you.
The ball python completely misses you.
You closely miss the ball python. The ball python barely misses you.
The ball python grabs you. The ball python constricts you.
You barely miss the ball python. The ball python completely misses you.
The ball python constricts you.
You closely miss the ball python. The ball python barely misses you.
The ball python constricts you. The ball python closely misses you.
The ball python constricts you.
You closely miss the ball python. The ball python bites you.
The ball python constricts you.
You closely miss the ball python. The ball python bites you.
The ball python constricts you.
You barely miss the ball python. The ball python bites you.
The ball python constricts you.
You hit the ball python but do no damage.
The ball python bites you. The ball python constricts you.
You hit the ball python.
The ball python is severely wounded.
The ball python closely misses you. The ball python constricts you.
* * * LOW HITPOINT WARNING * * *
The ball python bites you.
* * * LOW HITPOINT WARNING * * *
The ball python constricts you.
* * * LOW HITPOINT WARNING * * *
You hit the ball python but do no damage.
The ball python is severely wounded.
The ball python bites you.
You die...

#..##.<'.###
##.####### .. .#.
######## #.. ...#
##### #...# #.
.#..##...######..# #.
.................## #
...........###....##
...........###.....###
##
..........KS@........#
#.
..........####...#####
#. #...>#!..## ##..#
#. ####.##### #..#
####+###. # #..#
#........ #.># ..?..#
#..# .. ##..## #...
...#...†.
....J......#.##


You could see a ball python and a kobold.

Vanquished Creatures
  3 ball pythons (D:1)
  An endoplasm (D:3)
  A goblin (D:2)
  A quokka (D:1)
  2 bats
  2 frilled lizards
  3 kobolds
13 creatures vanquished.

Notes
Turn   | Place    | Note
-------+----------+-------------------------------------------
     0 | D:1      | Esekla the Deep Elf Necromancer began the quest for the
                  | Orb.
     0 | D:1      | Reached XP level 1. HP: 10/10 MP: 6/6
   166 | D:1      | Reached skill level 5 in Necromancy
   319 | D:4      | Found an iron altar of Okawaru.
   331 | D:4      | Found a radiant altar of Vehumet.
   335 | D:4      | Became a worshipper of Vehumet
   415 | D:4      | Found a glowing golden altar of the Shining One.
   458 | D:3      | Reached XP level 2. HP: 15/15 MP: 8/8
   533 | D:2      | Found Renulab's Jewellery Shop.
   722 | D:1      | Slain by a ball python

Illustrated notes

Levels and vault maps discovered:
D:1:      sevenhm_arrival_forest_fort_small_3, layout_rooms,
          chequers_serial_rivers_room_b, minmay_misc_feat_five
D:2:      layout_loops_ring, dreamdust_ecumenical_altar_angels_and_demons,
          serial_shops, shop
D:3:      layout_basic, grunt_temple_overflow_open, minmay_misc_feat_iff
D:4:      layout_basic, nicolae_overflow_quartered_altars, serial_shops,
          nicolae_diamond_shop

Skill      XL: |  1 |
---------------+----+-----
Necromancy     | 5 |  5.2
Dodging        | |  2.8
Stealth        | |  2.5
Spellcasting   | |  3.2

Action                     || total
---------------------------++-------
  Melee: Short sword       ||    30
         Unarmed           ||     9
         Dagger            ||    32
   Stab: Sleeping          ||     2
 Armour: Robe              ||    18
  Dodge: Dodged            ||    54
